Map: Odyssey LE

Players

llIllllIllll - Winner!

  • Race: Protoss Protoss
  • League: Master
  • Spawn Location: 5:00

Cheesologist

  • Race: Terran Terran
  • League: Master
  • Spawn Location: 11:00

VOD

Have the link to the VOD?

Description

Time

  • Played on: Jan. 8, 2018, 10:07 p.m.
  • Length: 8:46
Show
View Real Time Build Order
Export as new Build Order

llIllllIllll Protoss - Winner!

Build Orders: 1 Gate Expand 

Get SALT Encoding   

  12  0:00  Probe  
  13  0:12  Probe  
  14  0:20  Pylon  
  14  0:24  Probe  
  15  0:38  Probe  
  15  0:39  Gateway  
  16  0:50  Probe  
  17  0:59  Pylon  
  17  1:02  Probe  
  18  1:14  Probe  
  19  1:20  Nexus  
  19  1:25  Zealot (Chrono Boost)  
  21  1:35  Pylon  
  21  1:43  Zealot (Chrono Boost)  
  23  1:55  Gateway  
  22  2:01  Probe  
  22  2:04  Zealot (Chrono Boost)  
  25  2:13  Probe  
  26  2:32  Probe, Zealot  
  29  2:43  Pylon  
  28  2:44  Probe  
  27  3:12  Zealot  
  29  3:14  Probe  
  29  3:19  Cybernetics Core  
  30  3:24  Probe  
  32  3:29  Zealot (Chrono Boost)  
  28  3:52  Pylon  
  27  3:55  Zealot (Chrono Boost)  
  28  4:08  Probe  
  29  4:14  Probe  
  30  4:20  Probe  
  30  4:22  Assimilator  
  31  4:32  Probe  
  31  4:37  Assimilator  
  32  5:06  Gateway  
  32  5:07  Gateway  
  32  5:15  Nexus  
  32  5:29  Stalker (Chrono Boost)  
  34  5:37  Pylon  
  34  5:40  Warp Gate  
  32  5:53  Stalker x2  
  32  5:54  Stalker  
  32  5:55  Probe  
  37  6:21  Probe (Chrono Boost)  
  37  6:25  Stalker (Chrono Boost)  
  44  6:28  Stalker (Chrono Boost)  
  44  6:31  Pylon  
  44  6:32  Probe (Chrono Boost), Stalker (Chrono Boost)  
  45  6:37  Pylon  
  44  7:03  Adept x3  
  44  7:04  Probe  
  44  7:06  Probe  
  52  7:09  Assimilator  
  52  7:11  Assimilator  
  52  7:16  Probe  
  52  7:18  Probe  
  54  7:37  Adept  
  54  7:40  Probe x2  
  52  7:52  Probe (Chrono Boost)  
  53  8:03  Probe (Chrono Boost)  
  54  8:16  Pylon  
  54  8:17  Pylon  
  54  8:19  Pylon  
  54  8:28  Probe  
  53  8:37  Gateway  
  53  8:38  Gateway  
  53  8:40  Gateway  
Show
View Real Time Build Order
Export as new Build Order

Cheesologist Terran 

Build Orders:  

Get SALT Encoding   

  12  0:01  SCV  
  13  0:13  SCV  
  14  0:17  Supply Depot  
  14  0:25  SCV  
  15  0:38  SCV  
  15  0:40  Barracks  
  16  0:46  Refinery  
  16  0:51  SCV  
  16  0:55  Refinery  
  17  1:03  SCV  
  18  1:15  SCV  
  19  1:27  Marine, SCV  
  19  1:28  Supply Depot  
  19  1:31  Barracks  
  21  1:42  Orbital Command  
  21  1:46  Marine  
  22  2:04  Marine  
  22  2:05  Barracks  
  23  2:10  SCV  
  24  2:19  Supply Depot, Marine  
  24  2:22  SCV  
  26  2:28  Engineering Bay  
  26  2:32  Marine  
  21  3:03  Marine  
  14  3:08  Orbital Command  
  14  3:11  Marine  
  15  3:20  Marine  
  5  4:18  Marine  
  5  4:23  SCV  
  7  4:37  SCV  
  8  4:44  Marine  
  9  4:46  Marine  
  9  4:49  SCV  
  11  5:02  Marine  
  11  5:04  Marine  
  13  5:10  SCV  
  14  5:16  Marine  
  14  5:20  Marine  
  16  5:24  Barracks Tech Lab  
  16  5:36  SCV  
  16  5:39  Marine  
  16  5:50  SCV  
  16  5:54  Marauder  
  19  6:02  SCV  
  18  6:14  SCV  
  18  6:23  Concussive Shells  
  18  6:28  Marauder  
  20  6:42  SCV  
  20  6:45  Marine x2  
  23  6:54  SCV  
  23  7:01  Marauder  
  26  7:06  SCV  
  27  7:17  Supply Depot  
  27  7:20  SCV  
  23  7:40  Marauder  
  23  7:51  Marine  
  23  8:14  Marine x2  
  23  8:19  SCV  
  22  8:31  SCV  
Tags
 
Add a new tag
Caveats
  • Supply blocks, unpowered buildings, or Contaminate may cause inaccurate times.
  • Supply counts are checked every 10 seconds.